 Dungeon Crawl Stone Soup version 0.27-a0-1272-g7c8ad2e407 (webtiles) character file.

Game seed: 13163341485919249278

320 DeathSun the Cleaver (level 6, -3/50 (51) HPs)
             Began as a Hill Orc Fighter on June 11, 2021.
             Slain by an ogre
             ... wielding a +0 giant club
              (25 damage)
             ... on level 4 of the Dungeon.
             The game lasted 00:07:57 (4741 turns).

DeathSun the Cleaver (Hill Orc Fighter)             Turns: 4741, Time: 00:07:57

HP:   -3/50 (51)    AC: 10    Str: 21    XL:     6   Next: 46%
MP:   6/6           EV:  7    Int:  8    God:
Gold: 141           SH:  9    Dex: 10    Spells: 5/5 levels left

rFire    . . .     SeeInvis .   a - +0 war axe
rCold    . . .     Faith    .   c - +0 kite shield
rNeg     . . .     Spirit   .   b - +0 scale mail
rPois    .         Reflect  .   (no helmet)
rElec    .         Harm     .   (no cloak)
rCorr    .         Rampage  .   (no gloves)
Will     .....                  m - +2 pair of boots {Stlth+}
Stlth    +.........             (no amulet)
HPRegen  0.16/turn              (no ring)
MPRegen  0.10/turn              (no ring)

@: lightly drained
A: no striking features
a: no special abilities


You were on level 4 of the Dungeon.
You visited 1 branch of the dungeon, and saw 5 of its levels.

You collected 177 gold pieces.
You spent 36 gold pieces at shops.

Inventory:

Hand Weapons
 a - a +0 war axe (weapon)
Armour
 b - a +0 scale mail (worn)
 c - a +0 kite shield (worn)
 m - a +2 pair of boots of stealth (worn)
Magical Staves
 d - a staff of conjuration
Jewellery
 g - a +6 ring of strength
Scrolls
 e - 9 scrolls of identify {unknown}
 i - 4 scrolls of blinking {unknown}
 k - a scroll of enchant weapon {unknown}
 n - a scroll of summoning {unknown}
 q - a scroll of amnesia {unknown}
 r - 2 scrolls of immolation {unknown}
 s - a scroll of noise {unknown}
Potions
 f - a potion of heal wounds {unknown}
 h - a potion of ambrosia {unknown}
 j - 2 potions of degeneration {unknown}
 l - a potion of attraction {unknown}
 o - 2 potions of flight {unknown}
 p - a potion of cancellation {unknown}


   Skills:
 - Level 3.6 Fighting
 * Level 8.8 Axes
 - Level 3.2 Armour
 - Level 3.2 Shields


You had 5 spell levels left.
You didn't know any spells.
Your spell library contained the following spells:

 Spells                   Type           Power      Damage    Failure   Level
 Shock                    Conj/Air       0%         1d3       99%         1
 Static Discharge         Conj/Air       0%         N/A       100%        2
 Swiftness                Air            0%         N/A       100%        3
 Airstrike                Air            0%         N/A       100%        4
 Lightning Bolt           Conj/Air       0%         1d11      100%        5


Dungeon Overview and Level Annotations

Branches:
Dungeon (5/15)
 Temple: D:4-7

Altars:
Ashenzari
Ru

Shops:
D:2 ??*

Annotations:
D:4 Eustachio


Message History

Okay, then.
There is a stone staircase leading up here.
There is a stone staircase leading up here.
You climb upwards.
There is a stone staircase leading down here.
You start resting.
You start resting.
HP restored.
You start waiting.
Done waiting.
There is a stone staircase leading down here.
You climb downwards.
Level annotation: Eustachio
There is a stone staircase leading up here.
k - a scroll labelled WOHAUL DUFF The ogre shouts!
An ogre is nearby!
You hit the ogre.
The ogre is lightly wounded.
The ogre hits you with a +0 giant club!
Your scale mail prevents you from hitting the ogre.
The ogre is lightly wounded.
You block the ogre's attack.
You closely miss the ogre.
The ogre is lightly wounded.
The ogre barely misses you.
You barely miss the ogre.
The ogre is lightly wounded.
The ogre hits you with a +0 giant club.
You slash the ogre!
The ogre is heavily wounded.
You block the ogre's attack.
You barely miss the ogre.
The ogre is heavily wounded.
The ogre hits you with a +0 giant club!
You hit the ogre but do no damage.
The ogre is heavily wounded.
The ogre hits you with a +0 giant club!!
Ouch! That really hurt!
You die...

...# #....#..# #.#.#............
...# #.##.#.#####.#.#............
#..# #.##.#.##..#.#.#............
..## #.##...##.##.#.#............
#.# ##.##..##..##.#.##.....#.....
..###..##..#...##.#....##########
...##.###....#....#...##
..................#.#..#
..##.......#....@.<.##.#
...............O######.#
...#............# #.#
.#..............# #.#
.#..............# #.#
.#..............# #.#
.##..##.........# #.#
.##.#...........# #.#
.......##.......# ###


You could see an ogre.

Vanquished Creatures
  3 wights (D:4)
  Crazy Yiuf (D:3)
  An iguana (D:3)
  A howler monkey zombie (D:4)
  5 adders
  A dart slug (D:1)
  5 orcs (D:3)
  8 ball pythons
  3 bats
  7 endoplasms
  3 giant cockroaches (D:1)
  10 hobgoblins
  5 jackals
  3 quokkas
  2 frilled lizards (D:2)
  6 goblins
  8 kobolds
  10 rats
82 creatures vanquished.

Vanquished Creatures (others)
  A withered plant (D:5)
1 creature vanquished.

Grand Total: 83 creatures vanquished

Notes
Turn   | Place    | Note
-------+----------+-------------------------------------------
     0 | D:1      | DeathSun the Hill Orc Fighter began the quest for the Orb.
     0 | D:1      | Reached XP level 1. HP: 19/19 MP: 1/1
   148 | D:1      | Reached skill level 3 in Axes
   485 | D:1      | Reached XP level 2. HP: 26/26 MP: 2/2
   609 | D:1      | Reached skill level 4 in Axes
   726 | D:1      | Reached XP level 3. HP: 31/31 MP: 3/3
  1071 | D:2      | Found a broken altar of Ashenzari.
  1271 | D:2      | Found Lurid's General Store.
  1279 | D:2      | Reached skill level 5 in Axes
  1609 | D:2      | Found Ottoinuu's Magic Scroll Emporium.
  1771 | D:2      | Found Udiruin's Magic Scroll Shop.
  1797 | D:2      | Bought a scroll of teleportation for 36 gold pieces
  1930 | D:3      | Reached XP level 4. HP: 39/39 MP: 4/4
  2118 | D:3      | Reached skill level 6 in Axes
  2222 | D:3      | Found a faded altar of an unknown god.
  2375 | D:3      | Found a sacrificial altar of Ru.
  2506 | D:3      | Found a runed translucent door.
  2507 | D:3      | Noticed Crazy Yiuf
  2674 | D:3      | Killed Crazy Yiuf
  2675 | D:3      | Reached XP level 5. HP: 23/45 MP: 5/5
  2894 | D:4      | Noticed an ogre
  2958 | D:3      | Reached skill level 7 in Axes
  3067 | D:4      | Noticed Eustachio
  3084 | D:5      | Entered Level 5 of the Dungeon
  3108 | D:5      | Noticed an ogre
  3513 | D:4      | Reached skill level 8 in Axes
  3513 | D:4      | Reached XP level 6. HP: 44/51 MP: 6/6
  4741 | D:4      | Slain by an ogre

Illustrated notes

Levels and vault maps discovered:
D:1:      evilmike_arrival_hilbert_curve, layout_loops_ring
D:2:      minmay_wonky_spiral, layout_basic, serial_shops, shop, shop_fountains,
          shop, basic_altar
D:3:      layout_rooms, lemuel_tele_altar,
          shapermc_ecumenical_altar_mp_highgroup, minmay_misc_feat_pillars,
          fountainhead, uniq_crazy_yiuf_cottage
D:4:      layout_rooms, serial_co_window_serial, co_window_of_opportunity_a,
          co_window_paths_a, co_window_of_opportunity_a, co_window_paths_b,
          co_window_corner_a, co_window_of_opportunity_b, co_window_paths_c,
          co_window_broadway_b, co_window_broadway_b, co_window_sun,
          glass_columns_a, glass_columns_b, glass_columns_a, uniq_eustachio
D:5:      layout_loops_corners, serial_undead, serial_undead_d, serial_undead_f,
          serial_undead_e, serial_undead_b

Skill      XL: |  1  2  3  4  5 |
---------------+----------------+-----
Axes           | 3 4 5 6 8 |  8.8
Fighting       | |  3.6
Armour         | |  3.2
Shields        | |  3.2

Action                   |  1- 3 |  4- 6 || total
-------------------------+-------+-------++-------
Melee: War axe           |    94 |   155 ||   249
  Use: Scroll            |       |     2 ||     2
       Potion            |       |     1 ||     1
Armor: Scale mail        |    30 |   104 ||   134
Dodge: Dodged            |    31 |    77 ||   108
Block: Kite shield       |    39 |   103 ||   142

Table legend: (Time is in decaauts)
 A = Elapsed time spent in this place.
 B = Non-inter-level travel time spent in this place.
 C = Inter-level travel time spent in this place.
 D = Time resting spent in this place.
 E = Time spent auto-exploring this place.
 F = Levels seen in this place.
 G = Mean time per level.
                   A        B        C        D        E       F      G
               +--------+--------+--------+--------+--------+-----+--------+
         Total |   4858 |   4761 |     97 |   1393 |   2465 |   5 |  971.6 |
       Dungeon |   4858 |   4761 |     97 |   1393 |   2465 |   5 |  971.6 |
               +--------+--------+--------+--------+--------+-----+--------+

Top non-repeatable levels by time:
     D:3: 1683 daAuts
     D:4: 1097 daAuts
     D:1: 1089 daAuts
     D:2: 882 daAuts
     D:5: 106 daAuts
